 Dungeon Crawl Stone Soup version 0.27-a0-1144-g0b7d3b79db (webtiles) character file.

Game seed: 12325140867855408068

24 sanka the Ducker (level 3, 0/30 HPs)
             Began as a Djinni Monk on May 10, 2021.
             Slain by a scorpion zombie (2 damage)
             ... on level 2 of the Dungeon.
             The game lasted 00:01:17 (1008 turns).

sanka the Ducker (Djinni Monk)                      Turns: 1008, Time: 00:01:17

Health: 0/30       AC:  2    Str: 10    XL:     3   Next: 2%
Gold:   34         EV: 13    Int: 12    God:
                   SH:  0    Dex: 15

rFire    + + .     SeeInvis .   a - +0 falchion
rCold    x . .     Faith    .   (no shield)
rNeg     . . .     Spirit   .   b - +0 robe
rPois    ∞         Reflect  .   (no helmet)
rElec    .         Harm     .   (no cloak)
rCorr    .         Rampage  .   (no gloves)
Will     .....                  (boots unavailable)
Stlth    ++........             (no amulet)
HPRegen  0.10/turn              (no ring)
MPRegen  0.00/turn              (no ring)

@: flying
A: sickness immunity, fire resistance 2, cold vulnerability 1, float, innate
caster, hp casting, extra vitality 1
a: no special abilities


You were on level 2 of the Dungeon.
You visited 1 branch of the dungeon, and saw 2 of its levels.

You collected 34 gold pieces.


Innate Abilities, Weirdness & Mutations

You are immune to sickness and miasma.
You are immune to poison.
Your flesh is very heat resistant. (rF++)
You are vulnerable to cold. (rC-)
You float through the air rather than walking.
You learn spells naturally, not from books.
Your magical power is your life essence.
You have superior vitality. (+4 HP)


   Skills:
 + Level 3.3 Fighting
 + Level 3.0 Long Blades
 + Level 3.6 Dodging
 - Level 1.5 Stealth
 + Level 0.8 Spellcasting


You had 2 spell levels left.
You knew the following spells:

 Your Spells              Type           Power      Damage    Failure   Level
z - Shock                 Conj/Air       8%         1d3       22%         1
Your spell library was empty.

Inventory:

Hand Weapons
 a - a +0 falchion (weapon)
Armour
 b - a +0 robe (worn)
 j - a +0 cloak
Scrolls
 g - a scroll of torment {unknown}
 i - a scroll of blinking {unknown}
Potions
 c - 2 potions of brilliance {unknown}
 d - a potion of degeneration {unknown}
 e - a potion of magic {unknown}
 f - a potion of curing {unknown}
 h - a potion of attraction {unknown}
 k - a potion of mutation {unknown}

Dungeon Overview and Level Annotations

Branches:
Dungeon (2/15)

Altars:

▒▒▒▒▒▒▒▒▒
▒.......▒
▒▒▒▒▒▒.......▒
▒....'.......▒
▒▒▒.▒▒......?▒
▒.▒▒.......▒
▒.▒▒R......▒
▒.▒.Z..▒+▒▒▒
▒.▒£▒▒.▒ ▒.▒.
.▒ ▒.▒. .▒
▒.▒. .▒ ▒.▒.
▒<▒. ▒▒▒


You could see a scorpion zombie.


Message History

The dart slug is heavily wounded.
The dart slug misses you.
You riposte.
You hit the dart slug.
The dart slug is severely wounded.
You hit the dart slug.
You kill the dart slug!
Your Long Blades skill increases to level 3!
You have reached level 3!
Your experience leads to an increase in your attributes!
Increase (s)trength, (i)ntelligence, or (d)exterity?
You feel clever.
The power to cast Shock wells up from within.
Spell assigned to 'z'.
Unknown command.
You hit the scorpion zombie.
The scorpion zombie is lightly damaged.
The scorpion zombie hits you!
* * * LOW HITPOINT WARNING * * *
You hit the scorpion zombie.
The scorpion zombie is moderately damaged.
The scorpion zombie hits you!
* * * LOW HITPOINT WARNING * * *
The scorpion zombie hits you.
* * * LOW HITPOINT WARNING * * *
Unknown command.
You hit the scorpion zombie.
The scorpion zombie is moderately damaged.
The scorpion zombie hits you.
You die...

Action                   || total
-------------------------++-------
Melee: Falchion          ||    48
 Stab: Sleeping          ||     2
Armor: Robe              ||     7
Dodge: Dodged            ||    34
       Rpst.: Falchion   ||    13

Levels and vault maps discovered:
D:1:      dpeg_arrival_orchard, layout_basic
D:2:      minmay_roachtagon, layout_basic, serial_shops, shop, uniq_sigmund

Notes
Turn   | Place    | Note
-------+----------+-------------------------------------------
     0 | D:1      | sanka the Djinni Monk began the quest for the Orb.
     0 | D:1      | Reached XP level 1. HP: 20/20 MP: 0/0
   344 | D:1      | Reached XP level 2. HP: 25/25 MP: 0/0
  1006 | D:2      | Reached skill level 3 in Long Blades
  1006 | D:2      | Reached XP level 3. HP: 22/30 MP: 0/0
  1006 | D:2      | Learned a level 1 spell: Shock
  1007 | D:2      | HP: 2/30 [scorpion zombie (6)]
  1008 | D:2      | Slain by a scorpion zombie

Vanquished Creatures
  3 dart slugs
  A worm (D:2)
  2 ball pythons (D:1)
  2 endoplasms (D:1)
  2 jackals (D:1)
  A kobold (D:1)
  2 quokkas (D:1)
  A bat (D:1)
14 creatures vanquished.
